 Dungeon Crawl Stone Soup version 0.21-a0-143-g1ab7d47 (webtiles) character file.

28591 Leszczynek the Grappler (level 13, -1/127 HPs)
             Began as a Troll Skald on July 25, 2017.
             Was a Believer of Uskayaw.
             Slain by an eight-headed hydra (14 damage)
             ... on level 4 of the Lair of Beasts.
             The game lasted 00:45:55 (7402 turns).

Leszczynek the Grappler (Troll Skald)               Turns: 7402, Time: 00:45:55

Health: -1/127     AC:  7    Str: 22    XL:     13   Next: 10%
Magic:  16/19      EV: 10    Int: 11    God:    Uskayaw [**....]
Gold:   493        SH: 19    Dex: 13    Spells: 7/14 levels left

rFire    + . .     SeeInvis +     - Unarmed
rCold    + . .     Gourm    +   D - +2 large shield {rC+}
rNeg     . . .     Faith    .   K - +0 robe "Bakatec" {MR+ SInv}
rPois    +         Spirit   .   (helmet restricted)
rElec    .         Reflect  .   F - +1 cloak
rCorr    .         Harm     .   (gloves unavailable)
MR       +....                  (boots unavailable)
Stlth    +.........             g - amulet of magic regeneration
HPRegen  0.71/turn              R - ring of wizardry
MPRegen  0.41/turn              (no ring)

@: very slightly contaminated
A: unfitting armour, claws 3, talons 1, agile 1, fire resistance 1, fast
metabolism 3, gourmand, poison resistance, regeneration 1, shaggy fur 1, tough
skin 2
a: Stomp, Line Pass, Renounce Religion


You were on level 4 of the Lair of Beasts.
You worshipped Uskayaw.
Uskayaw was aware of your devotion.
You were very full.

You visited 3 branches of the dungeon, and saw 19 of its levels.
You also visited: Sewer.

You collected 493 gold pieces.

Inventory:

Hand Weapons
 p - a +2 blowgun
Missiles
 q - a steel tomahawk
 s - 12 javelins (quivered)
 x - 16 tomahawks
 O - 10 large rocks
Armour
 l - a +0 shield
 D - a +2 large shield of cold resistance (worn)
 F - a +1 cloak (worn)
 K - the +0 robe "Bakatec" (worn) {MR+ SInv}
   (You found it on level 8 of the Dungeon)

   It affects your resistance to hostile enchantments.
   It lets you see invisible.
Magical Staves
 U - an uncursed staff of wizardry
Jewellery
 g - an amulet of magic regeneration (around neck)
 P - an uncursed ring of ice
 R - a ring of wizardry (left claw)
Wands
 a - a wand of lightning (10/15)
 c - a wand of polymorph (3/24)
 G - a wand of iceblast (1/15)
 H - a wand of digging (9/24)
 J - a wand of iceblast (9/15)
 N - a wand of paralysis (16/24)
Scrolls
 h - 6 scrolls of remove curse {@r2}
 r - a scroll of fear
 t - 6 scrolls of magic mapping
 u - a scroll of recharging
 v - 3 scrolls of fog
 y - a scroll of teleportation
 I - 3 scrolls of enchant armour
Potions
 e - 2 potions of might {unknown}
 f - a potion of mutation {unknown}
 j - a potion of invisibility {unknown}
 k - 6 potions of brilliance
 m - a potion of flight {unknown}
 o - 2 potions of agility {unknown}
 w - a potion of resistance {unknown}
 z - 3 potions of heal wounds {@q2}
 A - 3 potions of magic
 B - 2 potions of curing {unknown}
 C - 2 potions of haste
 E - 2 potions of degeneration {unknown}
 M - a potion of berserk rage {unknown}
Books
 b - a book of Battle

   Spells                             Type                      Level
   a - Infusion                       Charms                       1
   b - Shroud of Golubria             Charms/Translocation         2
   c - Song of Slaying                Charms                       2
   d - Spectral Weapon                Hexes/Charms                 3
   e - Regeneration                   Charms/Necromancy            3
Comestibles
 d - 6 bread rations
 i - 4 chunks of flesh
 n - 5 meat rations
 Q - 12 royal jellies
 T - 5 fruits


   Skills:
 - Level 8.0 Fighting
 - Level 4.9 Dodging
 * Level 8.8 Shields
 + Level 12.8 Unarmed Combat
 - Level 1.2 Spellcasting
 - Level 2.0 Charms
 - Level 10.0 Invocations


You had 7 spell levels left.
You knew the following spells:

 Your Spells              Type           Power        Failure   Level  Hunger
b - Shroud of Golubria    Chrm/Tloc      #.........   41%         2    ###....
q - Regeneration          Chrm/Necr      #.........   65%         3    ####...
B - Blink                 Tloc           N/A          54%         2    ###....


Dungeon Overview and Level Annotations

Branches:
Dungeon (14/15)            Temple (0/1) D:7            Lair (4/6) D:11
 Shoals (0/4) Lair:2          Orc (1/2) D:10
  Snake: Lair:2-4    Spider: Lair:2-4    Vaults: D:13-14

Altars:
Fedhas
Kikubaaqudgha
Ru
Uskayaw
Yredelemnul
Lugonu

Shops:
D:11 }

Annotations:
D:4 p0werm0de's ghost, novice FoNe
D:9 Gastronok
Lair:1 4h
Lair:4 8h
Orc:1 Snorg


Innate Abilities, Weirdness & Mutations

You are too large for most types of armour.
You have claws for hands.
Your metabolism is lightning-fast.
You like to eat raw meat.
Your natural rate of healing is unusually fast.
You are covered in fur. (AC +1)
You have very tough skin. (AC +2)
You have sharp toenails.
You are agile. (Dex +2)
Your flesh is heat resistant. (rF+)
Your system is resistant to poisons. (rPois)


Message History

Cast which spell? (? or * to list)
You miscast Blink.
You are very lightly contaminated with residual magic.
You catch a glimpse of the back of your own head.
You block the eight-headed hydra's attack.
The eight-headed hydra bites you. The eight-headed hydra bites you!
* * * LOW HITPOINT WARNING * * *
The eight-headed hydra bites you but does no damage.
The eight-headed hydra barely misses you. x2
The eight-headed hydra bites you!
* * * LOW HITPOINT WARNING * * *
The eight-headed hydra bites you but does no damage.
Unknown command.
Casting: Blink
Confirm with . or Enter, or press ? or * to list all spells.
You miscast Blink.
Nothing appears to happen.
The eight-headed hydra closely misses you.
The eight-headed hydra bites you!
You die...

.###.................##
.
#.#.........#.......##
..
.......#######......P#
.. ......### #.....P##
#. .#....#.# ####...# #
##.##..# ##..### #
####†## ###P..## #
##..# #...D..# #..##
###.@### ##.# ##...##
##.## #.....# #...#
##...## #P.## ###..#.#
##..# #P....## #..##
###...## ###.#.#
#....## #..##.##
#...#.#


You could see an eight-headed hydra.

Vanquished Creatures
  Fannar (D:12)
  2 hydras
  2 two-headed ogres
  6 death yaks
  A tengu warrior (D:13)
  3 ugly things
  A cyclops (D:12)
  A manticore (D:13)
  Maurice (D:11)
  Psyche (D:8)
  Joseph (D:9)
  2 merfolk sirens (Lair:2)
  2 gargoyles
  2 spiny frogs
  A rime drake (Lair:3)
  2 kobold demonologists (D:13)
  A queen bee (Lair:4)
  3 meliai (Lair:4)
  2 merfolk (Lair:2)
  2 trolls (D:11)
  6 hippogriffs
  3 blink frogs (Lair:1)
  2 wraiths
  16 yaks
  2 wyverns
  A hog (shapeshifter) (D:13)
  A basilisk (Lair:2)
  5 vampire mosquitoes (D:12)
  An acid dragon (D:13)
  6 water moccasins
  4 porcupines
  A hell hound (D:11)
  3 sky beasts
  2 black bears (D:11)
  5 orc warriors
  3 ice beasts
  2 necrophages
  6 wolves
  An eye of draining (shapeshifter) (D:13)
  3 ogres
  4 centaurs (D:12)
  3 crocodiles
  3 big kobolds
  12 bullfrogs
  4 scorpions
  24 killer bees
  A howler monkey (D:11)
  3 crimson imps
  3 hounds
  4 centaur zombies
  3 bullfrog skeletons
  3 orc priests
  12 orc wizards
  5 iguanas
  10 worker ants
  A howler monkey zombie (D:11)
  2 worker ant zombies
  4 gnolls (D:5)
  5 river rats (Sewer)
  8 adders
  A shadow imp (D:10)
  2 oozes
  3 worms
  4 leopard geckos
  54 orcs
  14 ball pythons
  8 giant cockroaches
  4 goblins
  4 hobgoblins
  2 jackals (D:7)
  17 kobolds
  2 quokkas
  4 bats
  6 frilled lizards
  A leopard gecko skeleton (D:7)
  26 rats
376 creatures vanquished.

Vanquished Creatures (others)
  A hobgoblin (D:2)
  A bush (Lair:4)
  3 fungi (Lair:4)
  2 plants
7 creatures vanquished.

Grand Total: 383 creatures vanquished

Notes
Turn   | Place    | Note
-------+----------+-------------------------------------------
     0 | D:1      | Leszczynek the Troll Skald began the quest for the Orb.
     0 | D:1      | Reached XP level 1. HP: 19/19 MP: 1/1
    29 | D:1      | Reached skill level 2 in Dodging
   123 | D:2      | Reached XP level 2. HP: 15/27 MP: 2/2
   133 | D:2      | Learned a level 2 spell: Shroud of Golubria
   225 | D:3      | Reached skill level 3 in Unarmed Combat
   319 | D:2      | Found a blossoming altar of Fedhas.
   319 | D:2      | Found an ancient bone altar of Kikubaaqudgha.
   319 | D:2      | Found a hide-covered altar of Uskayaw.
   332 | D:2      | Reached XP level 3. HP: 27/33 MP: 3/3
   337 | D:2      | Became a worshipper of Uskayaw the Reveler
   379 | D:3      | Reached * piety under Uskayaw
   411 | D:3      | Reached ** piety under Uskayaw
   506 | D:1      | Reached skill level 4 in Unarmed Combat
   651 | D:4      | Reached XP level 4. HP: 41/41 MP: 4/4
   735 | D:4      | Noticed p0werm0de's ghost (novice FoNe)
   752 | D:5      | Entered Level 5 of the Dungeon
   822 | D:5      | Reached skill level 5 in Unarmed Combat
   831 | D:5      | Reached XP level 5. HP: 46/48 MP: 5/5
   833 | D:5      | Reached *** piety under Uskayaw
   951 | D:5      | Found a sacrificial altar of Ru.
  1009 | D:5      | Reached skill level 6 in Unarmed Combat
  1090 | D:5      | Reached XP level 6. HP: 38/55 MP: 6/6
  1128 | D:5      | Found a glowing drain.
  1132 | Sewer    | Entered a sewer
  1408 | Sewer    | Reached skill level 7 in Unarmed Combat
  1419 | Sewer    | Reached XP level 7. HP: 55/62 MP: 7/7
  1419 | Sewer    | Reached **** piety under Uskayaw
  1567 | D:6      | Reached skill level 8 in Unarmed Combat
  1572 | D:6      | Gained mutation: You have sharp toenails. [mutagenic meat]
  1573 | D:6      | Gained mutation: Your system is resistant to poisons. (rPois) [mutagenic meat]
  1575 | D:6      | Gained mutation: You are agile. (Dex +2) [mutagenic meat]
  1576 | D:6      | Gained mutation: Your flesh is heat resistant. (rF+) [mutagenic meat]
  1677 | D:6      | Learned a level 3 spell: Regeneration
  1694 | D:6      | Reached skill level 9 in Unarmed Combat
  1728 | D:6      | Reached skill level 1 in Invocations
  1790 | D:6      | Reached XP level 8. HP: 45/70 MP: 8/8
  1883 | D:6      | Reached skill level 2 in Invocations
  2005 | D:7      | Reached skill level 10 in Unarmed Combat
  2036 | D:7      | Found a staircase to the Ecumenical Temple.
  2100 | D:7      | Reached skill level 3 in Invocations
  2185 | D:7      | Found a basalt altar of Yredelemnul.
  2233 | D:8      | Noticed Psyche
  2245 | D:8      | Killed Psyche
  2245 | D:8      | Reached skill level 2 in Fighting
  2245 | D:8      | Reached skill level 4 in Invocations
  2304 | D:8      | Reached skill level 3 in Fighting
  2304 | D:8      | Reached XP level 9. HP: 70/80 MP: 11/11
  2337 | D:8      | Got a wizard robe
  2338 | D:8      | "wizard robe", eh? let's see
  2348 | D:8      | Identified the +0 robe "Bakatec" {MR+ SInv} (You found it on level 8 of the Dungeon)
  2348 | D:8      | good enough, for now
  2376 | D:8      | Reached skill level 5 in Invocations
  2392 | D:8      | Noticed a two-headed ogre
  2397 | D:8      | Killed a two-headed ogre
  2397 | D:8      | Reached skill level 6 in Invocations
  2404 | D:8      | Reached skill level 4 in Fighting
  2409 | D:8      | Reached ***** piety under Uskayaw
  2416 | D:8      | Reached ****** piety under Uskayaw
  2472 | D:8      | Reached skill level 7 in Invocations
  2482 | D:9      | Noticed Joseph
  2489 | D:9      | Killed Joseph
  2572 | D:9      | Reached skill level 5 in Fighting
  2576 | D:9      | Reached skill level 8 in Invocations
  2576 | D:9      | Reached XP level 10. HP: 67/95 MP: 13/15
  2602 | D:9      | Noticed Gastronok
  2618 | D:10     | Entered Level 10 of the Dungeon
  2649 | D:10     | Noticed a gargoyle
  2656 | D:10     | Killed a gargoyle
  2687 | D:11     | Noticed a two-headed ogre
  2706 | D:11     | Killed a two-headed ogre
  2706 | D:11     | Reached skill level 6 in Fighting
  2717 | D:11     | Found Obliveso's Gadget Shop.
  2721 | D:11     | Reached skill level 3 in Dodging
  2911 | D:12     | Learned a level 2 spell: Blink
  3126 | D:12     | Reached skill level 11 in Unarmed Combat
  3145 | D:12     | Reached skill level 4 in Dodging
  3177 | D:11     | Noticed Maurice
  3228 | D:11     | Killed Maurice
  3283 | D:11     | Found a staircase to the Lair.
  3365 | D:11     | Noticed a red ugly thing
  3387 | D:11     | Killed a red ugly thing
  3387 | D:11     | Reached XP level 11. HP: 42/106 MP: 16/16
  3456 | D:11     | Reached skill level 7 in Fighting
  3459 | D:11     | HP: 18/108 [yak (17)]
  3960 | D:13     | Reached skill level 12 in Unarmed Combat
  3983 | D:13     | Noticed a red ugly thing
  4171 | D:12     | Noticed Fannar
  4186 | D:12     | Killed Fannar
  4275 | D:13     | Noticed a tengu warrior
  4276 | D:13     | can i survive long enough to paralyze it
  4276 | D:13     | hm
  4286 | D:13     | Killed a tengu warrior
  4287 | D:13     | nvm lol
  4360 | D:14     | Noticed a skeletal warrior
  4424 | D:13     | Reached skill level 1 in Shields
  4440 | D:13     | Noticed a sixfirhy
  4591 | D:11     | Reached skill level 2 in Shields
  4660 | D:10     | Reached skill level 8 in Fighting
  4874 | D:10     | Found a staircase to the Orcish Mines.
  4879 | Orc:1    | Entered Level 1 of the Orcish Mines
  4879 | Orc:1    | Noticed Snorg
  4879 | Orc:1    | Noticed a two-headed ogre
  4882 | D:10     | nice
  4985 | D:11     | Identified a scroll of acquirement
  5093 | D:12     | Reached skill level 3 in Shields
  5101 | D:12     | Reached skill level 9 in Invocations
  5334 | D:13     | Found a corrupted altar of Lugonu.
  5427 | D:14     | Noticed a purple ugly thing
  5427 | D:14     | Noticed a purple ugly thing
  5428 | D:14     | Noticed a purple ugly thing
  5429 | D:14     | Noticed a purple ugly thing
  5497 | D:13     | Killed a red ugly thing
  5497 | D:13     | Reached skill level 4 in Shields
  5507 | D:13     | Reached XP level 12. HP: 109/118 MP: 17/17
  5698 | Lair:1   | Entered Level 1 of the Lair of Beasts
  5716 | Lair:1   | Reached skill level 5 in Shields
  5871 | Lair:1   | Noticed a four-headed hydra
  6121 | Lair:2   | Found a staircase to the Shoals.
  6211 | Lair:3   | Noticed a six-headed hydra
  6276 | Lair:4   | Reached skill level 6 in Shields
  6356 | Lair:4   | Reached skill level 10 in Invocations
  6480 | Lair:4   | Noticed an eight-headed hydra
  6647 | Lair:4   | Noticed a death yak
  6651 | Lair:4   | Noticed a death yak
  6651 | Lair:4   | Noticed a death yak
  6678 | Lair:4   | Noticed a death yak
  6681 | Lair:4   | Noticed a death yak
  6683 | Lair:4   | Noticed a death yak
  6685 | Lair:4   | Killed a death yak
  6685 | Lair:4   | Reached skill level 7 in Shields
  6711 | Lair:3   | Killed a death yak
  6832 | Lair:4   | Noticed a six-headed hydra
  6839 | Lair:4   | Killed a seven-headed hydra
  6954 | Lair:3   | HP: 17/118 [eight-headed hydra (8)]
  6954 | Lair:3   | HP: 7/118 [eight-headed hydra (10)]
  6958 | Lair:3   | Killed an eight-headed hydra
  7045 | Lair:3   | Reached skill level 8 in Shields
  7366 | Lair:4   | Killed a death yak
  7366 | Lair:4   | Reached XP level 13. HP: 112/127 MP: 19/19
  7401 | Lair:4   | HP: 13/127 [eight-headed hydra (16)]
  7402 | Lair:4   | Slain by an eight-headed hydra

Vault maps used:
D:1:      onia_arrival_pyramid
D:2:      gammafunk_temple_overflow_forgotten, lemuel_old_faithful
D:3:      uniq_sigmund
D:4:      grunt_decor_clamped, grunt_dithmenos_shadows, uniq_eustachio,
          uniq_pikel
D:5:      hangedman_ru_absence, gup_sewer_entry_bowl, first_bread
D:6:      minmay_flawed_box
D:7:      nicolae_overflow_crystal_walls, temple_pool_b, serial_glass,
          glass_columns_a, glass_columns_c, glass_columns_a, glass_columns_c,
          glass_columns_c, glass_columns_a, glass_columns_a, glass_columns_a,
          uniq_crazy_yiuf_cottage
D:8:      blue_anna_alchemist, uniq_psyche
D:9:      nemelex_altar_shiori, uniq_joseph, uniq_gastronok
D:10:     hiddenorc1_lemuel, minmay_misc_feat_x
D:11:     minmay_lair_entry_lava, serial_shops, shop, uniq_maurice
D:12:     serial_shops, shop, minmay_misc_feat_enclosed, uniq_fannar
D:13:     kennysheep_kobold_lugonu_temple
D:14:     grunt_vaults_entry_fortified, hangedman_decor_slide_cut, serial_ice,
          serial_ice_e, serial_ice_g, serial_ice_h, serial_ice_d,
          portal_ice_cave_entry_imps, hex_intersection, lightli_minifort
Lair:1:   beast_lair_carwin_1, grunt_megastairs_1
Lair:2:   elwin_shoals_entry_stream, ldierk_geyser, minivault_23,
          serial_bayou_lake_a
Lair:3:   minmay_snake_entry_guardpost_small
Lair:4:   special_room, serial_bayou_shore_b
Orc:1:    minmay_orc_temple_b, uniq_urug, uniq_josephine, uniq_snorg
Sewer:    sewer_minmay_w

Skill      XL: |  1  2  3  4  5  6  7  8  9 10 11 12 |
---------------+-------------------------------------+-----
Dodging        | 2 4 |  4.9
Unarmed Combat | 3 4 5 6 7 9 10 11 12 | 12.8
Invocations    | 1 4 8 9 10 | 10.0
Fighting       | 3 5 6 8 |  8.0
Shields        | 4 8 |  8.8
Spellcasting   | |  1.2
Charms         | |  2.0

Action                   |  1- 3 |  4- 6 |  7- 9 | 10-12 | 13-15 || total
-------------------------+-------+-------+-------+-------+-------++-------
Melee: Unarmed           |    99 |   152 |   218 |   679 |     8 ||  1156
       Punch             |     1 |     2 |     5 |    14 |       ||    22
       Kick              |       |       |    41 |   196 |     3 ||   240
Throw: Tomahawk          |       |       |     5 |     1 |       ||     6
       Javelin           |       |       |       |     8 |       ||     8
       Large rock        |       |       |       |     6 |       ||     6
 Cast: Shroud of Golubri |     1 |       |       |       |       ||     1
Invok: Line Pass         |       |       |     1 |     1 |       ||     2
       Stomp             |       |       |       |     1 |       ||     1
Evoke: Wand              |       |       |     3 |    11 |     3 ||    17
  Use: Potion            |       |     2 |       |     1 |       ||     3
       Scroll            |       |       |     5 |    20 |       ||    25
 Stab: Sleeping          |     1 |       |       |     1 |       ||     2
       Paralysed         |       |     3 |     8 |    40 |     6 ||    57
       Confused          |       |       |       |     2 |       ||     2
  Eat: Chunk             |    11 |     8 |    17 |    46 |       ||    82
Armor: Robe              |    30 |    73 |    62 |   148 |     4 ||   317
Dodge: Dodged            |    39 |    98 |    74 |   351 |     7 ||   569
Block: Shield            |       |       |       |   146 |       ||   146
       Large shield      |       |       |       |    61 |    10 ||    71
